 Dungeon Crawl Stone Soup version 0.30-a0-272-gf98c3da03f (webtiles) character file.

Game seed: 9075073624711524562

373 koil the Sneak (level 6, -2/30 HPs)
             Began as a Spriggan Enchanter on Oct 15, 2022.
             Slain by a lemure (7 damage)
             ... led by Pikel
             ... on level 4 of the Dungeon.
             The game lasted 00:10:07 (2814 turns).

koil the Sneak (Spriggan Enchanter)                 Turns: 2814, Time: 00:10:08

Health: -2/30      AC:  3    Str:  4    XL:     6   Next: 43%
Magic:  6/13       EV: 16    Int: 16    God:
Gold:   178        SH:  0    Dex: 18    Spells: 8/13 levels left

rFire   . . .      SeeInvis +    a - +1 dagger
rCold   . . .      Faith    .    (no shield)
rNeg    . . .      Spirit   .    b - +0 robe
rPois   .          Reflect  .    (helmet restricted)
rElec   .          Harm     .    l - +0 cloak
rCorr   .          Rampage  .    (gloves unavailable)
Will    +....                    (boots unavailable)
Stlth   +++.......               (no amulet)
HPRegen 0.25/turn                (no ring)
MPRegen 0.13/turn                (no ring)

@: confusing by touch, grasped by roots, constricted, very quick
A: very small, no large weapons, unfitting armour, see invisible, speed 3
a: no special abilities


You were on level 4 of the Dungeon.
You visited 1 branch of the dungeon, and saw 4 of its levels.

You collected 178 gold pieces.

Inventory:

Hand Weapons
 a - a +1 dagger (weapon)
 u - a +3 whip
Missiles
 v - 7 poisoned darts (quivered)
Armour
 b - a +0 robe (worn)
 k - a +0 robe
 l - a +0 cloak (worn)
 n - a +0 cloak
Magical Staves
 e - a staff of cold
Scrolls
 d - 4 scrolls of blinking {unknown}
 h - 5 scrolls of identify {unknown}
 j - 3 scrolls of teleportation {unknown}
 m - a scroll of torment {unknown}
 o - a scroll of noise {unknown}
 p - 2 scrolls of amnesia {unknown}
 t - 2 scrolls of immolation {unknown}
Potions
 c - 2 potions of invisibility
 f - 2 potions of attraction {unknown}
 g - a potion of degeneration {unknown}
 i - a potion of haste {unknown}
 q - 4 potions of curing {unknown}
 r - a potion of resistance {unknown}
 s - 2 potions of heal wounds {unknown}
 w - a potion of ambrosia {unknown}


   Skills:
 + Level 1.7 Fighting
 + Level 2.8 Short Blades
 + Level 4.6 Dodging
 + Level 6.0 Stealth
 + Level 4.4 Spellcasting
 + Level 4.9 Hexes


You had 8 spell levels left.
You knew the following spells:

 Your Spells              Type           Power      Damage    Failure   Level
a - Ensorcelled Hibernat  Hex/Ice        22%        N/A       9%          2
b - Confusing Touch       Hex            19%        N/A       6%          3

Your spell library contained the following spells:

 Spells                   Type           Power      Damage    Failure   Level
 Tukima's Dance           Hex            19%        N/A       6%          3
 Dazzling Flash           Conj/Hex       22%        N/A       19%         3
 Summon Forest            Summ/Tloc      1%         N/A       99%         5
 Eringya's Noxious Bog    Tmut/Pois      1%         N/A       100%        6
 Summon Hydra             Summ           1%         N/A       100%        7


Dungeon Overview and Level Annotations

Branches:
Dungeon (4/15)
 Temple: D:4-7

Altars:
Cheibriados
Xom

Shops:
D:2 :

Annotations:
D:4 Pikel


Innate Abilities, Weirdness & Mutations

You are very small and have problems with some larger weapons.
You are too small for most types of armour.
You have supernaturally acute eyesight. (SInv)
You cover ground extremely quickly. (Speed+++)


Message History

Pikel zaps a wand.
The roots erupt in riotous growth!
The lemure is unaffected.
The grasping roots grab you! The grasping roots constrict you.
You hear a bark!
You escape the roots grasp.
The lemure misses you.
You see here a scorpion corpse.
The lemure barely misses you. The lemure completely misses you.
Pikel zaps a wand.
The roots erupt in riotous growth!
The lemure is unaffected.
The grasping roots grab you!
Pikel is unaffected.
The grasping roots constrict you!
You escape the roots grasp.
The lemure completely misses you.
The lemure shouts!
The lemure closely misses you.
Casting: Ensorcelled Hibernation (safe; 9% risk of failure)
Confirm with . or Enter, or press ? or * to list all spells.
Aiming: Ensorcelled Hibernation (safe; 9% risk of failure)
Press: ? - help, Shift-Dir - straight line, f - Pikel
Aim: Pikel, wielding a +0 whip of flaming, wearing a +0 robe and carrying a wand of roots (3) (chance to affect: 45%) Pikel resists with some effort.
The lemure hits you. The lemure closely misses you. Pikel barely misses you.
Casting: Ensorcelled Hibernation (safe; 9% risk of failure)
Confirm with . or Enter, or press ? or * to list all spells.
Aiming: Ensorcelled Hibernation (safe; 9% risk of failure)
Press: ? - help, Shift-Dir - straight line, f/p - Pikel
Aim: Pikel, wielding a +0 whip of flaming, wearing a +0 robe and carrying a wand of roots (3) (chance to affect: 45%) Pikel resists with some effort.
The lemure completely misses you. The lemure hits you but does no damage.
Pikel zaps a wand.
The roots erupt in riotous growth!
The grasping roots grab you!
The lemure is unaffected. x2; Pikel is unaffected.
The lemure is unaffected.
The grasping roots constrict you!
* * * LOW HITPOINT WARNING * * *
Unknown command.
Casting: Ensorcelled Hibernation (safe; 9% risk of failure)
Confirm with . or Enter, or press ? or * to list all spells.
Your hands begin to glow red.
The lemure hits you!
You die...

#K#..$$)#. ####K#...$.#. #
#....#######.
###.##.##...).....
#..........#####>#
#####.####.###.......#
###...#...#.####.#####.....#
......# #.5K.....####.....#
......# #.@5#.#..#........#
..... #..5#.#..#.##.....#
#...#...#.....†.#.##......
#...#####..##.#......####.
#######...#####..##.#..###.#
. ..........##...........#
#... #####..).##.##.#.#.##.#
#.### ###......#.##.#.#.##..
..# #
#........#.##..........


You could see Pikel and 3 lemures.

Vanquished Creatures
  2 scorpions
  A vampire bat (D:3)
  6 adders
  A worm (D:3)
  3 dart slugs
  3 fire bats (D:3)
  An orc (D:4)
  2 spectral bats (D:3)
  15 bats
  3 bat skeletons (D:3)
  A bat zombie (D:3)
  7 endoplasms
  2 giant cockroaches
  9 goblins
  5 hobgoblins
  6 ball pythons
  A bat simulacrum (D:3)
  4 frilled lizards
  12 kobolds
  5 rats
89 creatures vanquished.

Notes
Turn   | Place    | Note
-------+----------+-------------------------------------------
     0 | D:1      | koil the Spriggan Enchanter began the quest for the Orb.
     0 | D:1      | Reached XP level 1. HP: 9/9 MP: 5/5
   106 | D:1      | Reached XP level 2. HP: 13/13 MP: 6/6
   109 | D:1      | Learned a level 2 spell: Ensorcelled Hibernation
   738 | D:2      | Reached XP level 3. HP: 17/17 MP: 8/8
   992 | D:2      | Reached skill level 5 in Stealth
  1007 | D:2      | Reached XP level 4. HP: 19/21 MP: 10/10
  1047 | D:2      | Found Joukh's Book Boutique.
  1293 | D:3      | Noticed a scorpion
  1296 | D:3      | Killed a scorpion
  1297 | D:3      | Reached skill level 1 in Fighting
  1297 | D:3      | Reached XP level 5. HP: 25/25 MP: 6/11
  1511 | D:3      | Noticed a golden eye
  1513 | D:3      | Found a faded altar of an unknown god.
  1515 | D:3      | Noticed an eye of devastation
  1522 | D:3      | Noticed a great orb of eyes
  1525 | D:3      | Noticed a floating eye
  1770 | D:3      | Reached XP level 6. HP: 30/30 MP: 9/13
  1938 | D:3      | Learned a level 3 spell: Confusing Touch
  2182 | D:3      | Found a shimmering altar of Xom.
  2758 | D:4      | Reached skill level 6 in Stealth
  2783 | D:4      | Noticed Pikel
  2784 | D:4      | Found a snail-covered altar of Cheibriados.
  2814 | D:4      | Slain by a lemure

Illustrated notes

Levels and vault maps discovered:
D:1:      noname_arrival_rooms_in_the_neighbourhood, layout_basic
D:2:      layout_rooms, serial_shops, nicolae_shop_statue_plus
D:3:      layout_loops_corners, xom_teletrap_fun,
          hellmonk_ecumenical_altar_watching_god, grunt_ministairs_14,
          goddamned_bats
D:4:      layout_loops_cross, amcnicky_altar_gilded, columned_hall_lemuel,
          minmay_crystal_room, uniq_edmund, uniq_pikel

Skill      XL: |  1  2  3  4  5  6 |
---------------+-------------------+-----
Dodging        | 3 4 |  4.6
Spellcasting   | 3 4 |  4.4
Hexes          | 4 |  4.9
Stealth        | 5 6 |  6.0
Fighting       | 1 |  1.7
Short Blades   | 2 |  2.8

Action                   |  1- 3 |  4- 6 || total
-------------------------+-------+-------++-------
Melee: Dagger            |   123 |   221 ||   344
       Punch             |     1 |     4 ||     5
 Cast: Ensorcelled Hiber |     8 |    14 ||    22
       Confusing Touch   |       |     1 ||     1
 Stab: Sleeping          |    16 |    16 ||    32
Armor: Robe              |    18 |    75 ||    93
Dodge: Dodged            |   103 |   361 ||   464

Table legend: (Time is in decaauts)
 A = Elapsed time spent in this place.
 B = Non-inter-level travel time spent in this place.
 C = Inter-level travel time spent in this place.
 D = Time resting spent in this place.
 E = Time spent auto-exploring this place.
 F = Levels seen in this place.
 G = Mean time per level.
                   A        B        C        D        E       F      G
               +--------+--------+--------+--------+--------+-----+--------+
         Total |   2017 |   1985 |     32 |     47 |   1282 |   4 |  504.2 |
       Dungeon |   2017 |   1985 |     32 |     47 |   1282 |   4 |  504.2 |
               +--------+--------+--------+--------+--------+-----+--------+

Top non-repeatable levels by time:
     D:3: 1009 daAuts
     D:2: 468 daAuts
     D:1: 460 daAuts
     D:4: 79 daAuts
